 Dungeon Crawl Stone Soup version 0.31.0-11-ge490571c62 (webtiles) character file.

Game seed: 6081516135257093886

39 Killerpretzel the Changeling (level 3, -4/34 HPs)
             Began as an Octopode Shapeshifter on Feb 9, 2024.
             Slain by an ogre
             ... wielding a +0 giant club
              (14 damage)
             ... on level 2 of the Dungeon.
             The game lasted 00:03:02 (1073 turns).

Killerpretzel the Changeling (OpSh)                 Turns: 1073, Time: 00:03:03

Health: -4/34      AC: 21    Str: 13    XL:     3   Next: 47%
Magic:  3/3        EV:  2    Int: 12    God:
Gold:   106        SH:  0    Dex: 13    Spells: 2/2 levels left

rFire   . . .        d - +0 hand axe
rCold   . . .        (no shield)
rNeg    . . .        (helmet currently unavailable)
rPois   +            (no amulet)
rElec   .            (no ring)
rCorr   .            (no ring)
SInv    .            (no ring)
Will    .....        (no ring)
Stlth   +            (no ring)
HPRegen 0.25/turn    (no ring)
MPRegen 0.08/turn    (no ring)
                     (no ring)

%: no passive effects
@: tree-form
A: stationary, stasis, torment immunity, boosted hp, almost no armour,
(amphibious), 8 rings, (camouflage 1), (gelatinous body 1), (nimble swimmer 1),
(tentacles)
a: no special abilities


You were on level 2 of the Dungeon.
You were a tree.
You visited 1 branch of the dungeon, and saw 2 of its levels.

You collected 106 gold pieces.

Inventory:

Hand Weapons
 d - a +0 hand axe (weapon)
Talismans
 b - a beast talisman
 c - a flux talisman
Scrolls
 g - a scroll of vulnerability {unknown}
Potions
 e - a potion of enlightenment {unknown}
 f - 2 potions of heal wounds {unknown}
 h - a potion of curing {unknown}


   Skills:
 + Level 1.5 Fighting
 + Level 2.4 Dodging
 + Level 3.3 Unarmed Combat
 * Level 3.5 Shapeshifting


You had 2 spell levels left.
You didn't know any spells.
Your spell library was empty.

Dungeon Overview and Level Annotations

Branches:
Dungeon (2/15)

Altars:


Innate Abilities, Weirdness & Mutations

You are a tree.
Your roots penetrate the ground, keeping you stationary.
You cannot be teleported.
You are immune to unholy pain and torment.
Your maximum health is greatly increased.
You cannot wear most types of armour.
((You are amphibious.))
You can wear up to eight rings at the same time.
((Your skin changes colour to match your surroundings (Stealth+).))
((Your rubbery body absorbs attacks. (AC +1, EV +1)))
((You are camouflaged when in or above water. (Stealth+)))
((You have tentacles for arms and can constrict up to eight enemies at once.))


Message History

A jackal comes into view.
The jackal closely misses you.
You hit the jackal. Your grab misses the jackal.
Your squeeze misses the jackal.
The jackal is severely wounded.
The jackal misses you.
You closely miss the jackal. You grab the jackal.
The jackal is severely wounded.
You constrict the jackal, but do no damage.
The jackal bites you. The jackal closely misses you.
You hit the jackal.
You kill the jackal!
The jackal bites you.
The ogre shouts!
You slash the jackal!
You kill the jackal!
Okay, then.
A jackal comes into view.
The jackal moves out of view.
Your transformation has ended.
You turn into a tree.
Your roots penetrate the ground.
You barely miss the ogre. You punch the ogre, but do no damage.
The ogre hits you but does no damage.
You hit the ogre but do no damage. The ogre hits you with a +0 giant club.
You hit the ogre.
The ogre is lightly wounded.
The ogre hits you with a +0 giant club!
You hit the ogre.
The ogre is lightly wounded.
The ogre hits you with a +0 giant club.
* * * LOW HITPOINT WARNING * * *
You hit the ogre but do no damage.
The ogre is lightly wounded.
You hit the ogre.
The ogre is lightly wounded.
The ogre hits you but does no damage.
You barely miss the ogre.
The ogre is lightly wounded.
The ogre hits you with a +0 giant club!
You die...

### ..# . .. ... #.
########
.._..#†######......#####
.8.8.....O♣...##..#....#
.O..b###########.##....#
.# #.. ##<##....## .# #
##...÷.....# .# .
#..........# ###.# Ob
#...>......# ....###...
#...÷...(..# #.........
#..........# ..#.......
#.#.#.#.####


You could see an ogre and a bat (wandering).

Vanquished Creatures
  An adder (D:2)
  5 bats
  2 endoplasms (D:1)
  A giant cockroach (D:2)
  4 hobgoblins
  3 jackals (D:2)
  3 quokkas
  2 ball pythons
  A frilled lizard (D:1)
  2 goblins
  2 kobolds
  3 rats
29 creatures vanquished.

Notes
Turn   | Place    | Note
-------+----------+-------------------------------------------
     0 | D:1      | Killerpretzel the Octopode Shapeshifter began the quest for
                  | the Orb.
     0 | D:1      | Reached XP level 1. HP: 13/13 MP: 1/1
   267 | D:1      | Reached XP level 2. HP: 18/18 MP: 2/2
   770 | D:2      | Reached XP level 3. HP: 12/23 MP: 3/3
   909 | D:2      | Noticed an ogre
  1051 | D:2      | Found a faded altar of an unknown god.
  1073 | D:2      | Slain by an ogre

Illustrated notes

Levels and vault maps discovered:
D:1:      beargit_arrival_greenhouse, layout_loops_ring
D:2:      layout_rooms, basic_altar, dreamdust_ecumenical_altar_statues

Action                     || total
---------------------------++-------
  Melee: Hand axe          ||    50
         Unarmed           ||     6
         Constrict         ||    17
         Tentacles         ||     8
         Punch             ||     2
    Use: Potion            ||     1
   Stab: Sleeping          ||     4
 Armour: Skin              ||    25
  Dodge: Dodged            ||    32
